 Dungeon Crawl Stone Soup version 0.26-a0-597-gb535b0901c (webtiles) character file.

Game seed: 12002218285988795999

471 zealot1 the Poker (level 6, 50/51 HPs)
             Began as a Minotaur Berserker on Sept 5, 2020.
             Was a Priest of Trog.
             Quit the game on level 4 of the Dungeon.
             The game lasted 00:08:27 (2766 turns).

zealot1 the Poker (Minotaur Berserker)              Turns: 2766, Time: 00:08:28

Health: 50/51      AC:  9    Str: 23    XL:     6   Next: 83%
Magic:  5/5        EV: 11    Int:  2    God:    Trog [***...]
Gold:   182        SH:  0    Dex: 12    Spells: 5/5 levels left

rFire    . . .     SeeInvis +   a - +1 spear
rCold    . . .     Faith    .   (no shield)
rNeg     . . .     Spirit   .   f - +0 swamp dragon scales
rPois    +         Reflect  .   (helmet restricted)
rElec    .         Harm     .   (no cloak)
rCorr    .                      (no gloves)
MR       +....                  (no boots)
Stlth    ++........             (no amulet)
HPRegen  0.17/turn              g - ring of see invisible
MPRegen  0.09/turn              (no ring)

@: no status effects
A: retaliatory headbutt, horns 2, iridescent scales 1, agile 1, dopey 1, magic
resistance 1
a: Berserk, Trog's Hand, Renounce Religion


You were on level 4 of the Dungeon.
You worshipped Trog.
Trog was most pleased with you.
You visited 1 branch of the dungeon, and saw 4 of its levels.

You collected 182 gold pieces.

Inventory:

Hand Weapons
 a - a +1 spear (weapon)
Armour
 f - +0 swamp dragon scales (worn)
Jewellery
 g - a ring of see invisible (left hand)
Scrolls
 c - 3 scrolls of identify
 e - a scroll of remove curse
 i - a scroll of teleportation {unknown}
 k - 2 scrolls of fog
 m - a scroll of enchant armour {unknown}
 o - 2 scrolls of magic mapping {unknown}
Potions
 b - 3 potions of curing
 d - a potion of berserk rage
 h - a potion of flight
 j - a potion of stabbing
 l - a potion of ambrosia {unknown}
 n - 2 potions of heal wounds {unknown}
 p - a potion of cancellation {unknown}


   Skills:
 - Level 3.6 Fighting
 - Level 6.0 Polearms
 - Level 2.4 Armour
 - Level 2.1 Dodging
 + Level 5.3 Stealth


You had 5 spell levels left.
You didn't know any spells.
Your spell library was empty.

Dungeon Overview and Level Annotations

Branches:
Dungeon (4/15)
 Temple: D:4-7

Altars:
Trog
Yredelemnul
The Shining One


Innate Abilities, Weirdness & Mutations

You reflexively headbutt those who attack you in melee.
You have a pair of horns on your head.
You are partially covered in iridescent scales. (AC +2)
You are agile. (Dex +2)
You are dopey. (Int -2)
You are resistant to hostile enchantments. (MR+)


Message History

No target in view!
No target in view!
No target in view!
No target in view!
p - a puce potion You see here a ball python corpse.
No target in view!
You see here 22 arrows.
Found a stone staircase leading up.
No target in view!
o - 2 scrolls labeled LOESCH MUHUA (gained 1)
A worker ant is nearby!
Found a leather armour, a viscous red potion and 13 stones.
A dart slug comes into view.
The worker ant twitches its antennae in your direction.
Found a scroll labeled ESTRUKH TETO.
Found 13 gold pieces and a glowing whip.
You hit the worker ant but do no damage.
The worker ant bites you.
Are you sure you want to abandon this character and quit the game? (Confirm with "yes".)

#......#### .......†
###....#...###........
..##.###...<.#..###... .
......#..#............
.. ##.......###.....#...
...##.###...###..#.###..
#................ ...
..#......#....... ....
.......@##....... .....
.......a#........
..w..............
.................
...(!.......[....
....?....$..
.....).......
..............


You could see a worker ant and a dart slug.

Vanquished Creatures
  A bullfrog (D:2)
  2 orc wizards (D:3)
  A bullfrog skeleton (D:4)
  Natasha (thrice) (D:3)
  10 gnolls
  5 adders
  An ooze (D:2)
  3 worms (D:2)
  2 dart slugs (D:2)
  4 leopard geckos
  4 orcs
  5 giant cockroaches
  2 gnoll zombies (D:3)
  8 goblins
  11 hobgoblins
  A jackal (D:1)
  6 kobolds
  4 quokkas
  3 ball pythons
  5 bats
  5 frilled lizards
  15 rats
101 creatures vanquished.

Notes
Turn   | Place    | Note
-------+----------+-------------------------------------------
     0 | D:1      | zealot1 the Minotaur Berserker began the quest for the Orb.
     0 | D:1      | Reached XP level 1. HP: 19/19 MP: 0/0
    22 | D:1      | Reached skill level 4 in Polearms
   194 | D:1      | Reached XP level 2. HP: 22/26 MP: 1/1
   594 | D:1      | Reached ** piety under Trog
   627 | D:1      | Reached XP level 3. HP: 31/31 MP: 2/2
   629 | D:1      | Reached skill level 5 in Polearms
   811 | D:1      | Gained mutation: You are dopey. (Int -2) [potion of
                  | mutation]
   811 | D:1      | Gained mutation: You are agile. (Dex +2) [potion of
                  | mutation]
   811 | D:1      | Gained mutation: You are resistant to hostile enchantments.
                  | (MR+) [potion of mutation]
   811 | D:1      | Gained mutation: You are partially covered in iridescent
                  | scales. (AC +2) [potion of mutation]
  1060 | D:2      | Found a bloodstained altar of Trog.
  1065 | D:2      | Reached XP level 4. HP: 39/39 MP: 3/3
  1162 | D:2      | Reached skill level 6 in Polearms
  1190 | D:2      | Reached skill level 1 in Stealth
  1477 | D:2      | Reached XP level 5. HP: 45/45 MP: 4/4
  1877 | D:3      | Noticed Natasha
  1889 | D:3      | Killed Natasha
  1935 | D:3      | Reached XP level 6. HP: 51/51 MP: 5/5
  2256 | D:3      | Reached *** piety under Trog
  2409 | D:3      | Noticed Natasha
  2416 | D:3      | Killed Natasha
  2429 | D:3      | Found a glowing golden altar of the Shining One.
  2450 | D:3      | Noticed Natasha
  2455 | D:3      | Killed Natasha
  2455 | D:3      | Reached skill level 5 in Stealth
  2592 | D:3      | Found a basalt altar of Yredelemnul.
  2766 | D:4      | Quit the game

Illustrated notes

Levels and vault maps discovered:
D:1:      dpeg_arrival_rooms_with_view, layout_basic, minmay_indecisive_spiral
D:2:      layout_loops_ring, trog_butcher_becter
D:3:      layout_rooms, tso_metal_star, lemuel_zombie_altar_yredelemnul,
          uniq_natasha
D:4:      layout_cave_pools

Skill      XL: |  1  2  3  4  5  6 |
---------------+-------------------+-----
Polearms       | 4 5 6 |  6.0
Stealth        | 2 3 5 |  5.3
Fighting       | |  3.6
Armour         | |  2.4
Dodging        | |  2.1

Action                   |  1- 3 |  4- 6 || total
-------------------------+-------+-------++-------
Melee: Spear             |   103 |   194 ||   297
       Headbutt          |     9 |    39 ||    48
Invok: Trog's Hand       |       |     2 ||     2
  Use: Scroll            |     6 |     2 ||     8
       Potion            |     2 |     1 ||     3
 Stab: Sleeping          |       |     4 ||     4
       Distracted        |       |     3 ||     3
Armor: Animal skin       |     3 |       ||     3
       Scale mail        |     6 |       ||     6
       Swamp dragon scal |     7 |    39 ||    46
Dodge: Dodged            |    32 |    68 ||   100

Table legend: (Time is in decaauts)
 A = Elapsed time spent in this place.
 B = Non-inter-level travel time spent in this place.
 C = Inter-level travel time spent in this place.
 D = Time resting spent in this place.
 E = Time spent auto-exploring this place.
 F = Levels seen in this place.
 G = Mean time per level.
                   A        B        C        D        E       F      G
               +--------+--------+--------+--------+--------+-----+--------+
         Total |   2719 |   2666 |     53 |     35 |   2087 |   4 |  679.8 |
       Dungeon |   2719 |   2666 |     53 |     35 |   2087 |   4 |  679.8 |
               +--------+--------+--------+--------+--------+-----+--------+

Top non-repeatable levels by time:
     D:2: 986 daAuts
     D:1: 814 daAuts
     D:3: 799 daAuts
     D:4: 119 daAuts
